 Dungeon Sprint DCSS version 0.23.2-30-g0e89c35649 (webtiles) character file.

Game seed: 18027489544208253886

209 Baz the Zephyrmancer (level 5, -1/38 HPs)
             Began as a Draconian Air Elementalist on June 25, 2019.
             Was an Initiate of Vehumet.
             Slain by a hippogriff (7 damage)
             ... in the Dungeon (Sprint IX: "|||||||||||||||||||||||||||||").
             The game lasted 00:02:23 (569 turns).

Baz the Zephyrmancer (Draconian Air Elementalist)    Turns: 569, Time: 00:02:24

Health: -1/38      AC:  6    Str: 10    XL:     5   Next: 55%
Magic:  4/12       EV: 15    Int: 20    God:    Vehumet [......]
Gold:   0          SH:  0    Dex: 11    Spells: 3/14 levels left

rFire    . . .     SeeInvis .   p - +4 quarterstaff (speed)
rCold    . . .     Gourm    .   (shield currently unavailable)
rNeg     . . .     Faith    .   (armour unavailable)
rPois    .         Spirit   .   (helmet restricted)
rElec    .         Reflect  .   (no cloak)
rCorr    .         Harm     .   (no gloves)
MR       .....     NoTele   +   l - +0 pair of boots
Stlth    ++........             (no amulet)
HPRegen  0.12/turn              m - +3 ring of intelligence
MPRegen  0.13/turn              n - +2 ring of evasion

@: swift, very quick
A: unfitting armour, cold-blooded, AC +5
a: Renounce Religion


You were in the Dungeon.
You worshipped Vehumet.
Vehumet was noncommittal.
You were not hungry.

You visited 1 branch

Inventory:

Hand Weapons
 p - a +4 quarterstaff of speed (weapon)
Armour
 l - a +0 pair of boots (worn)
Magical Staves
 o - an uncursed staff of energy
Jewellery
 m - a +3 ring of intelligence (left hand)
 n - a +2 ring of evasion (right hand)
Wands
 k - a wand of acid (10)
Scrolls
 h - 2 scrolls of blinking
 i - 3 scrolls of remove curse
 j - 2 scrolls of amnesia
Potions
 c - 5 potions of curing
 d - 3 potions of heal wounds
 f - 3 potions of magic
 g - a potion of invisibility
Comestibles
 b - a ration


   Skills:
 - Level 3.4 Dodging
 - Level 3.4 Stealth
 - Level 1.0 Unarmed Combat
 + Level 5.2 Spellcasting
 * Level 4.8 Conjurations
 * Level 8.4 Air Magic


You had 3 spell levels left.
You knew the following spells:

 Your Spells              Type           Power        Failure   Level  Hunger
a - Shock                 Conj/Air       ####         1%          1    None
b - Static Discharge      Conj/Air       ####....     2%          3    ##.....
c - Swiftness             Chrm/Air       ###.....     3%          2    None
d - Lightning Bolt        Conj/Air       ####......   21%         5    #####..

Your spell library contained the following spells:

 Spells                   Type           Power        Failure   Level  Hunger
 Airstrike                Air            #####.....   3%          4    ####...


Dungeon Overview and Level Annotations

Branches:
Dungeon (1/1)

Altars:
Cheibriados
Dithmenos
Elyvilon
Fedhas
Gozag
Hepliaklqana
Kikubaaqudgha
Makhleb
Nemelex Xobeh
Okawaru
Qazlal
Ru
Sif Muna
Trog
Uskayaw
Vehumet
Wu Jian
Xom
Yredelemnul
Zin
The Shining One
Beogh
Jiyva
Lugonu


Innate Abilities, Weirdness & Mutations

Your plain brown scales are hard. (AC +5)
You cannot fit into any form of body armour.
You are cold-blooded and may be slowed by cold attacks.


Message History

Unknown command.
Press < or > to pray at altars.
There is a basalt altar of Yredelemnul here.
There is a shimmering altar of Xom here.
There is an ornate altar of the Wu Jian Council here.
There is a radiant altar of Vehumet here.
There is a hide-covered altar of Uskayaw here.
There is a bloodstained altar of Trog here.
There is a deep blue altar of Sif Muna here.
There is a sacrificial altar of Ru here.
There is a stormy altar of Qazlal here.
There is an iron altar of Okawaru here.
There is a sparkling altar of Nemelex Xobeh here.
There is a burning altar of Makhleb here.
There is a corrupted altar of Lugonu here.
There's nothing to open nearby.
Casting: Static Discharge (safe; 2% risk of failure)
Confirm with . or Enter, or press ? or * to list all spells.
You feel quick. The hippogriff bites you!
You die... ▓▓▓▓▓▓▓▓▓▓▓▓▓▓▓▓▓▓▓▓▓▓▓▓▓▓▓▓▓▓▓▓▓ .'____________TH@_________'.÷...÷ ▓▓▓▓▓▓▓▓▓▓▓▓▓▓▓▓▓▓▓▓▓▓▓▓▓▓▓▓▓▓▓▓▓

You could see a hippogriff and a troll.

Vanquished Creatures
  An ice beast (D)
  An ogre (D)
  2 adders (D)
  An adder zombie (D)
  A dart slug (D)
  2 goblins (D)
  A quokka skeleton (D)
  2 rats (D)
11 creatures vanquished.

Notes
Turn   | Place    | Note
-------+----------+-------------------------------------------
     0 | D        | Baz the Draconian Air Elementalist began the quest for the
                  | Orb.
     0 | D        | Reached XP level 1. HP: 14/14 MP: 3/3
     8 | D        | Reached skill level 4 in Air Magic
    48 | D        | Noticed an ogre
    51 | D        | Reached XP level 2. HP: 20/20 MP: 0/5
    55 | D        | Reached skill level 5 in Air Magic
    70 | D        | Reached XP level 3. HP: 13/26 MP: 0/7
    73 | D        | Killed an ogre
    73 | D        | Reached skill level 1 in Unarmed Combat
    73 | D        | Reached skill level 7 in Air Magic
    73 | D        | Reached XP level 4. HP: 25/33 MP: 1/10
   204 | D        | Found a roughly hewn altar of Beogh.
   204 | D        | Found a snail-covered altar of Cheibriados.
   204 | D        | Found a shadowy altar of Dithmenos.
   204 | D        | Found a white marble altar of Elyvilon.
   204 | D        | Found a blossoming altar of Fedhas.
   204 | D        | Found an opulent altar of Gozag.
   205 | D        | Found a hazy altar of Hepliaklqana.
   206 | D        | Found a viscous altar of Jiyva.
   207 | D        | Found an ancient bone altar of Kikubaaqudgha.
   208 | D        | Found a corrupted altar of Lugonu.
   209 | D        | Found a burning altar of Makhleb.
   210 | D        | Found a sparkling altar of Nemelex Xobeh.
   211 | D        | Found an iron altar of Okawaru.
   212 | D        | Found a stormy altar of Qazlal.
   213 | D        | Found a sacrificial altar of Ru.
   214 | D        | Found a deep blue altar of Sif Muna.
   215 | D        | Found a bloodstained altar of Trog.
   216 | D        | Found a hide-covered altar of Uskayaw.
   217 | D        | Found a radiant altar of Vehumet.
   218 | D        | Found an ornate altar of the Wu Jian Council.
   219 | D        | Found a shimmering altar of Xom.
   220 | D        | Found a basalt altar of Yredelemnul.
   221 | D        | Found a glowing silver altar of Zin.
   222 | D        | Found a glowing golden altar of the Shining One.
   225 | D        | Became a worshipper of Vehumet
   285 | D        | Learned a level 3 spell: Static Discharge
   288 | D        | Learned a level 2 spell: Swiftness
   299 | D        | Noticed a hippogriff
   299 | D        | Noticed a troll
   299 | D        | Noticed a hippogriff
   299 | D        | Noticed an ice beast
   325 | D        | Killed an ice beast
   325 | D        | Reached skill level 5 in Spellcasting
   325 | D        | Reached skill level 8 in Air Magic
   325 | D        | Reached XP level 5. HP: 14/38 MP: 1/12
   549 | D        | Learned a level 5 spell: Lightning Bolt
   569 | D        | Slain by a hippogriff

Skill      XL: |  1  2  3  4 |
---------------+-------------+-----
Dodging        | 2 3 |  3.4
Stealth        | 2 3 |  3.4
Air Magic      | 4 5 7 8 |  8.4
Spellcasting   | 3 4 5 |  5.2
Unarmed Combat | 1 |  1.0
Conjurations   | 2 4 |  4.8

Action                   |  1- 3 |  4- 6 || total
-------------------------+-------+-------++-------
Melee: Unarmed           |     7 |       ||     7
       Tailslap          |     1 |       ||     1
       Quarterstaff      |       |     7 ||     7
 Cast: Shock             |    10 |     4 ||    14
       Static Discharge  |       |     5 ||     5
       Swiftness         |       |     1 ||     1
  Use: Potion            |     2 |     1 ||     3
Armor: Skin              |     2 |     4 ||     6
Dodge: Dodged            |    10 |    13 ||    23
